 Dungeon Crawl Stone Soup version 0.30-a0-1085-g990a428a5c (webtiles) character file.

Game seed: 14009457614000824361

132435 quinnr the Nimble (level 17, -18/108 HPs)
             Began as a Tengu Air Elementalist on Apr 16, 2023.
             Was the Champion of Vehumet.
             Killed from afar by a merfolk aquamancer (55 damage)
             ... with a shard of ice
             ... on level 1 of the Shoals.
             The game lasted 01:41:13 (45698 turns).

quinnr the Nimble (Tengu Air Elementalist)         Turns: 45698, Time: 01:41:14

Health: -18/108    AC: 13    Str:  9    XL:     17   Next: 12%
Magic:  0/35       EV: 26    Int: 21    God:    Vehumet [******]
Gold:   1683       SH:  6    Dex: 20    Spells: 2/42 levels left

rFire   . . .      SeeInvis .    G - staff of poison {!a}
rCold   . . .      Faith    +    D - +0 buckler
rNeg    . . .      Spirit   .    Y - +2 robe {Will+}
rPois   +          Reflect  .    (helmet restricted)
rElec   .          Rampage  .    R - +1 cloak
rCorr   .                        v - +2 pair of gloves {Dex+3}
Will    +++..                    (boots unavailable)
Stlth   +++                      V - amulet of faith {!P}
HPRegen 0.38/turn                w - ring of willpower
MPRegen 0.24/turn                T - +4 ring of protection

@: flying quickly and evasively, studying Dodging, quick
A: beak, talons 3, nimble flight
a: Renounce Religion


You were on level 1 of the Shoals.
You worshipped Vehumet.
Vehumet was exalted by your worship.
You visited 5 branches of the dungeon, and saw 24 of its levels.
You also visited: Bailey and Ice Cave.

You collected 3210 gold pieces.
You spent 1527 gold pieces at shops.


Innate Abilities, Weirdness & Mutations

You have a beak for a mouth.
You have claws for feet.
Your magical nature lets you fly swiftly and evasively.


   Skills:
 - Level 13.0 Fighting
 + Level 14.1 Dodging
 - Level 5.0 Stealth
 - Level 4.0 Shields
 + Level 13.4 Spellcasting
 - Level 11.0 Conjurations
 - Level 5.0 Ice Magic
 + Level 13.7 Air Magic
 + Level 11.7 Poison Magic
 - Level 11.7 Evocations


You had 2 spell levels left.
You knew the following spells:

 Your Spells              Type           Power      Damage    Failure   Level
a - Airstrike             Air            32%        2d(5-21)  1%          4
f - Freezing Cloud        Conj/Ice/Air   27%        6-21      1%          5
i - Swiftness             Air            64%        N/A       1%          3
l - Summon Lightning Spi  Summ/Air       42%        N/A       3%          4
m - Mephitic Cloud        Conj/Pois/Air  78%        N/A       1%          3
o - Olgreb's Toxic Radia  Pois           76%        N/A       1%          4
t - Static Discharge      Conj/Air       100%       2-7/arc   1%          2
z - Shock                 Conj/Air       100%       1d9       1%          1
X - Arcjolt               Conj/Air       30%        1d40      1%          5
Y - Hailstorm             Conj/Ice       47%        3d11      1%          3
Z - Conjure Ball Lightni  Conj/Air       30%        3x3d10    1%          6

Your spell library contained the following spells:

 Spells                   Type           Power      Damage    Failure   Level
 Orb of Destruction       Conj           28%        9d9       14%         7
 Freeze                   Ice            100%       1d10      1%          1
 Magic Dart               Conj           100%       1d8       1%          1
 Ensorcelled Hibernation  Hex/Ice        48%        N/A       3%          2
 Apportation              Tloc           28%        N/A       6%          1
 Necrotise                Necr           56%        1d6       6%          1
 Summon Small Mammal      Summ           56%        N/A       6%          1
 Call Imp                 Summ           28%        N/A       9%          2
 Passwall                 Tmut/Erth      11%        N/A       9%          2
 Dazzling Flash           Conj/Hex       74%        N/A       1%          3
 Frozen Ramparts          Ice            70%        1d11      1%          3
 Spider Form              Tmut/Pois      55%        N/A       1%          3
 Vhi's Electric Charge    Tloc/Air       84%        N/A       1%          3
 Iskenderun's Mystic Bla  Conj/Tloc      37%        2d9       1%          4
 Volatile Blastmotes      Fire/Tloc      28%        2d12      4%          3
 Plasma Beam              Fire/Air       21%        2x1d36    14%         6
 Starburst                Conj/Fire      18%        6d7       24%         6
 Maxwell's Capacitive Co  Air            32%        ∞         32%         8
 Anguish                  Hex/Necr       7%         N/A       50%         4
 Storm Form               Tmut/Air       21%        N/A       96%         7

Inventory:

Hand Weapons
 y - a +6 vampiric dagger
 M - the +8 arbalest "Zewnow" {drain, rC+ rN+ Int+3}
   (You found it on level 12 of the Dungeon)

   Int:       It affects your intelligence (+3).
   rC:        It protects you from cold.
   rN:        It protects you from negative energy.
 W - the +8 demon trident "Rift" {distort, reach+}
   (You found it on level 5 of the Lair of Beasts)
Missiles
 m - 2 throwing nets {=f}
 t - 9 curare-tipped darts {=f}
Armour
 v - a +2 pair of gloves of dexterity (worn)
 D - a +0 buckler (worn)
 R - a +1 cloak (worn)
 X - a +1 robe of cold resistance
 Y - a +2 robe of willpower (worn)
Magical Staves
 G - a staff of poison (weapon) {!a}
 H - a staff of death {!a}
Jewellery
 q - an amulet of magic regeneration
 w - a ring of willpower (left hand)
 C - a ring of ice
 F - a ring of protection from fire
 N - a ring of positive energy
 P - a ring of poison resistance
 T - a +4 ring of protection (right hand)
 V - an amulet of faith (around neck) {!P}
Wands
 n - a wand of light (7)
 p - a wand of roots (8)
 z - a wand of polymorph (8)
 I - a wand of mindburst (1)
 K - a wand of charming (16)
 S - a wand of digging (13)
Scrolls
 d - a scroll of magic mapping
 e - 4 scrolls of amnesia
 l - 11 scrolls of teleportation {@r2}
 o - 8 scrolls of fog
 r - 4 scrolls of immolation
 B - 5 scrolls of fear
 E - 2 scrolls of summoning
 Q - 5 scrolls of poison
 U - 3 scrolls of blinking
 Z - a scroll of acquirement
Potions
 b - 5 potions of magic
 c - 3 potions of cancellation
 f - 3 potions of ambrosia
 g - 13 potions of curing {@q1}
 h - 2 potions of attraction
 i - 2 potions of brilliance
 j - 4 potions of haste {@q3}
 k - 3 potions of heal wounds {@q2}
 s - a potion of berserk rage {!q}
 u - 2 potions of lignification
 A - 3 potions of might
 O - 4 potions of mutation
Miscellaneous
 a - a box of beasts
 x - a lightning rod (4/4)
 J - a phial of floods (inert)
 L - a piece from Xom's chessboard (15/15)

Dungeon Overview and Level Annotations

Branches:
Dungeon (15/15)            Temple (1/1) D:5            Lair (5/5) D:10
 Shoals (1/4) Lair:3       Spider (0/4) Lair:2        Slime (0/5) Lair:5
    Orc (2/2) D:11            Elf (0/3) Orc:2        Vaults (0/5) D:14
 Depths (0/4) D:15         Bailey (visited)           IceCv (visited)

Altars:
Ashenzari
Cheibriados
Dithmenos
Elyvilon
Fedhas
Gozag
Hepliaklqana
Kikubaaqudgha
Makhleb
Nemelex Xobeh
Okawaru
Qazlal
Ru
Sif Muna
Trog
Uskayaw
Vehumet
Wu Jian
Xom
Yredelemnul
Zin
The Shining One

Shops:
D:3 ([**[   D:6 *   D:12 [   Orc:1 :   Orc:2 ([=*

Portals:
Trove: D:13 (give 7 scrolls of fear)

Annotations:
D:6 Maggie

≈≈≈≈≈≈P~~~~...~
≈~~~≈~~PPP~~..~
~~~~≈~~PP~~...#
≈~~~m~~~~....
~~~P~.§~~..?
~~~....§.[#
~....~~§)#
~~....~@#
P~~..8~§#
~~~~~.[m#
P~~~~~~~#
~~~~~~~~~
~~~~~~~~~
~~~~≈≈~~~~
≈~~≈≈≈≈~~~
≈≈≈≈≈≈~~~~~


You could see a merfolk avatar (extremely poisoned), a merfolk aquamancer (very
poisoned, ally target) and a friendly lightning spire (summoned).


Message History

Aiming: Airstrike (safe; 1% risk of failure)
Press: ? - help, Dir - move target, f - merfolk aquamancer
Aim: a merfolk aquamancer, wielding a +0 rapier and wearing a +0 robe (lightly wounded, very poisoned, empty space bonus: 6/8)
The air twists around and strikes the merfolk aquamancer!
The merfolk aquamancer is moderately wounded.
The merfolk aquamancer looks even sicker.
Unknown command.
Casting: Airstrike (safe; 1% risk of failure)
Confirm with . or Enter, or press ? or * to list all spells.
Aiming: Airstrike (safe; 1% risk of failure)
Press: ? - help, Dir - move target, f/p - merfolk aquamancer
Aim: a merfolk aquamancer, wielding a +0 rapier and wearing a +0 robe (moderately wounded, very poisoned, empty space bonus: 5/8)
The air twists around and strikes the merfolk aquamancer!
The merfolk aquamancer is heavily wounded.
The merfolk avatar looks as sick as possible!
Your toxic aura wanes.
The merfolk avatar chants a haunting song.
You resist with almost no effort.
The merfolk aquamancer points at you and mumbles some strange words.
The ball of steam hits you!!
* * * LOW HITPOINT WARNING * * *
Casting: Airstrike (safe; 1% risk of failure)
Confirm with . or Enter, or press ? or * to list all spells.
An electric hum fills the air.
You are engulfed in a cloud of scalding steam.
* * * LOW HITPOINT WARNING * * *
The merfolk aquamancer gestures at you while chanting.
The shard of ice hits you!!!
Ouch! That really hurt!
You die...

Skill      XL: |  1  2  3  4  5  6  7  8  9 10 11 12 13 14 15 16 17 |
---------------+----------------------------------------------------+-----
Stealth        | 3 4 5 |  5.0
Conjurations   | 2 3 5 6 8 10 11 | 11.0
Spellcasting   | 3 4 5 7 10 11 13 | 13.4
Air Magic      | 7 8 10 11 13 | 13.7
Dodging        | 4 6 9 13 14 | 14.1
Fighting       | 3 4 9 11 13 | 13.0
Poison Magic   | 3 5 6 7 10 11 | 11.7
Evocations     | 3 5 7 10 11 | 11.7
Ice Magic      | 3 5 |  5.0
Shields        | 4 |  4.0

Action                     |  1- 3 |  4- 6 |  7- 9 | 10-12 | 13-15 | 16-18 || total
---------------------------+-------+-------+-------+-------+-------+-------++-------
  Melee: Kick              |     2 |     5 |     2 |    21 |    51 |     6 ||    87
         Unarmed           |     1 |       |       |       |       |       ||     1
         Dagger            |     1 |    11 |    10 |    27 |       |       ||    49
         Peck              |     1 |     1 |     1 |    17 |    33 |     4 ||    57
         Staff             |       |       |       |    30 |   113 |    13 ||   156
         Punch             |       |       |       |       |     1 |       ||     1
   Cast: Shock             |    84 |    84 |   140 |   132 |    79 |    32 ||   551
         Static Discharge  |       |     7 |    11 |    12 |    26 |     7 ||    63
         Airstrike         |       |     2 |    65 |   129 |   427 |   208 ||   831
         Mephitic Cloud    |       |       |       |    36 |    43 |    28 ||   107
         Arcjolt           |       |       |       |    32 |    34 |    31 ||    97
         Swiftness         |       |       |       |     2 |     4 |     4 ||    10
         Olgreb's Toxic Ra |       |       |       |    34 |   119 |    66 ||   219
         Hailstorm         |       |       |       |     1 |     2 |     1 ||     4
         Freezing Cloud    |       |       |       |       |    13 |    18 ||    31
         Conjure Ball Ligh |       |       |       |       |     5 |     3 ||     8
         Summon Lightning  |       |       |       |       |       |    15 ||    15
  Evoke: Wand              |       |     2 |     3 |    17 |    38 |     4 ||    64
         Box of beasts     |       |       |       |       |     2 |     1 ||     3
         Phial of floods   |       |       |       |       |     2 |     1 ||     3
         Lightning rod     |       |       |       |       |       |     1 ||     1
    Use: Scroll            |     3 |     3 |     4 |    14 |    10 |     8 ||    42
         Potion            |       |     1 |       |     3 |     2 |       ||     6
   Stab: Invisible         |       |     1 |       |       |       |       ||     1
         Confused          |       |       |       |     1 |     3 |       ||     4
 Armour: Robe              |       |     1 |     2 |    18 |    52 |    22 ||    95
  Dodge: Dodged            |     6 |    27 |    48 |   136 |   179 |   116 ||   512
  Block: Buckler           |       |       |       |       |       |    18 ||    18

Levels and vault maps discovered:
D:1:      eino_arrival_water_star, layout_rooms, minmay_surrounded
D:2:      layout_loops_ring
D:3:      layout_basic, mainiacjoe_overflow_boulevard, serial_shops,
          nicolae_lakefront_shop, nicolae_shop_just_a_little_nook, shop, shop,
          nicolae_shop_window_shopping, minmay_misc_feat_hallway
D:4:      layout_basic, cheibrodos_worm_habitat, uniq_edmund, uniq_eustachio
D:5:      layout_gridville, elyvilon_altar_1, minmay_temple_entry_mini_moons,
          hellmonk_ghost_happy_afterlife
D:6:      layout_cave_pools, kiku_gazebo_pond_becter, overflow_temple_1_default,
          nicolae_overflow_hidden_temple, serial_shops, shop,
          ebering_ghost_rock_garden, uniq_maggie, uniq_sigmund
D:7:      layout_loops_ring, riverfiend_overflow_shadow_ancestor, bloody_trog,
          minmay_manual_moon
D:8:      nzn_winding_woodlands_three_and_one
          [nzn_winding_woodlands_5x15_zeroes,
          nzn_winding_woodlands_5x15_sawtooth,
          nzn_winding_woodlands_5x15_jagged,
          nzn_winding_woodlands_center_garden], layout_loops_cross,
          enter_bailey_4, nicolae_elevator_lobby_asterisk
D:9:      layout_irregular_city, dreamdust_mushroom_princess
D:10:     layout_rooms, lemuel_coloured_pillars_altar, fedhas_altar_2,
          zin_treasury, david_lair_shrubbed, uniq_nergalle
D:11:     layout_long_grid, david_orc_2, portal_ice_cave_rime,
          dk_noncrumbling_3, uniq_fannar
D:12:     layout_big_octagon, serial_shops, shop, minivault_15
D:13:     layout_loops_ring, nicolae_trove_entry_free_sample
D:14:     layout_roguey, david_vaults_5, solitary_fountain,
          hangedman_decor_opposing, nicolae_wu_jian_wuxing_cycle
D:15:     hangedman_depths_entry_try_elsewhere_first, layout_cave_pools,
          chequers_garden
Temple:   hellmonk_temple_rainy
Lair:1:   layout_layer_cave, pdpol_lair_neglected_garden, serial_bayou_lagoon_a,
          cheibrodos_lair_reptile_den, lemuel_fruit_fields
Lair:2:   layout_roguey, nicolae_spider_entry_orb_guardian
Lair:3:   layout_chaotic_city, elwin_shoals_entry_rocks
Lair:4:   layout_loops_ring, serial_bayou, serial_bayou_pond_c,
          serial_bayou_ford_a, serial_bayou_shore_b, serial_bayou_pond_e,
          serial_bayou_pond_b, serial_bayou_pond_d
Lair:5:   hangedman_lair_in_review, layout_regular_city, wormcave,
          dpeg_slime_entry_corner, serial_bayou_pond_e,
          pdpol_lair_cavern_descent
Shoals:1: cheibrodos_shoals_gigantism, layout_shoals,
          gammafunk_ghost_wrathful_warriors, nicolae_take_the_stairs,
          nicolae_shoals_aquamancer_cove
Orc:1:    layout_caves, nicolae_shop_self_help, uniq_jorgrun, uniq_sonja,
          uniq_erica
Orc:2:    grunt_orc_cross, layout_diamond_mine, elves_outpost_lemuel, uniq_urug

Notes
Turn   | Place    | Note
-------+----------+-------------------------------------------
     0 | D:1      | quinnr the Tengu Air Elementalist began the quest for the
                  | Orb.
     0 | D:1      | Reached XP level 1. HP: 10/10 MP: 4/4
   242 | D:1      | Reached XP level 2. HP: 15/15 MP: 1/6
   358 | D:1      | Reached skill level 3 in Stealth
   644 | D:1      | Reached XP level 3. HP: 19/19 MP: 1/7
  1241 | D:2      | Reached skill level 4 in Stealth
  1630 | D:2      | Reached skill level 2 in Conjurations
  1714 | D:2      | Reached XP level 4. HP: 23/24 MP: 4/8
  2166 | D:3      | Found Zoraw's General Store.
  2172 | D:3      | Bought a scroll of identify for 24 gold pieces
  2248 | D:3      | Found Apaf's Assorted Antiques.
  2288 | D:3      | Found Ifeheoz's Weapon Shoppe.
  2403 | D:4      | Noticed a black bear
  2543 | D:3      | Reached skill level 3 in Spellcasting
  2561 | D:3      | Gained mutation: Your magical nature lets you fly swiftly
                  | and evasively. [Tengu growth]
  2561 | D:3      | Reached XP level 5. HP: 22/28 MP: 3/10
  2746 | D:3      | Reached skill level 5 in Air Magic
  2834 | D:3      | Found a sparkling altar of Nemelex Xobeh.
  2838 | D:3      | Learned a level 2 spell: Static Discharge
  3098 | D:3      | Found Uwyasch's Antique Armour Shoppe.
  3228 | D:3      | Found Jujealli's Armour Shoppe.
  3504 | D:4      | Noticed Eustachio
  3512 | D:4      | HP: 2/28 [constriction (4)]
  3519 | D:4      | Killed Eustachio
  3520 | D:4      | Reached skill level 7 in Air Magic
  3520 | D:4      | Reached XP level 6. HP: 4/32 MP: 1/11
  3551 | D:4      | Noticed Edmund
  3747 | D:5      | Entered Level 5 of the Dungeon
  3825 | D:4      | Reached skill level 8 in Air Magic
  4317 | D:4      | Learned a level 4 spell: Airstrike
  4504 | D:4      | Killed Edmund
  4505 | D:4      | Reached XP level 7. HP: 32/36 MP: 0/12
  4782 | D:4      | Found a snail-covered altar of Cheibriados.
  4860 | D:5      | Noticed Sleet's ghost (amateur SpEn)
  4875 | D:5      | Found a staircase to the Ecumenical Temple.
  4893 | D:5      | Reached skill level 3 in Conjurations
  4896 | D:5      | Reached skill level 3 in Dodging
  5032 | Temple   | Entered the Ecumenical Temple
  5045 | Temple   | Became a worshipper of Vehumet
  5307 | D:5      | Reached skill level 4 in Dodging
  5307 | D:5      | Reached skill level 5 in Stealth
  5307 | D:5      | Reached skill level 4 in Spellcasting
  5449 | D:5      | Reached XP level 8. HP: 42/42 MP: 10/15
  5613 | D:5      | Reached skill level 2 in Fighting
  5748 | D:5      | Found a runed translucent door.
  6040 | D:5      | Found a white marble altar of Elyvilon.
  6063 | D:5      | Learned a level 3 spell: Mephitic Cloud
  6190 | D:5      | Killed Sleet's ghost
  6191 | D:5      | Reached skill level 3 in Fighting
  6191 | D:5      | Reached skill level 1 in Poison Magic
  6191 | D:5      | Reached skill level 1 in Evocations
  6366 | D:5      | Found a white marble altar of Elyvilon.
  6437 | D:5      | Found a staircase to the Ecumenical Temple.
  7234 | D:6      | Reached skill level 4 in Conjurations
  7324 | D:6      | Found Uczu Kemaeb's General Store.
  7327 | D:6      | Found a burning altar of Makhleb.
  7355 | D:6      | Reached skill level 2 in Poison Magic
  7355 | D:6      | Reached skill level 2 in Evocations
  7579 | D:6      | Reached * piety under Vehumet
  7579 | D:6      | Offered knowledge of Foxfire by Vehumet.
  7580 | D:6      | Reached skill level 5 in Conjurations
  7848 | D:6      | Reached skill level 3 in Poison Magic
  7848 | D:6      | Reached skill level 3 in Evocations
  8028 | D:6      | Found a runed translucent gate.
  8030 | D:6      | Found a runed translucent gate.
  8031 | D:6      | Found a runed translucent gate.
  8035 | D:6      | Reached XP level 9. HP: 41/50 MP: 10/16
  8036 | D:6      | Reached skill level 4 in Poison Magic
  8226 | D:6      | Noticed BlasphemerAmon's ghost (novice DsRe)
  8505 | D:6      | Noticed Sigmund
  8509 | D:6      | Killed Sigmund
  8510 | D:6      | Reached skill level 5 in Poison Magic
  8902 | D:6      | Found an ancient bone altar of Kikubaaqudgha.
  9010 | D:6      | Found an opulent altar of Gozag.
  9388 | D:7      | Found a hazy altar of Hepliaklqana.
  9431 | D:7      | Found a shadowy altar of Dithmenos.
  9445 | D:7      | Reached ** piety under Vehumet
  9501 | D:7      | Offered knowledge of Kiss of Death by Vehumet.
  9502 | D:7      | Reached skill level 5 in Dodging
  9566 | D:7      | Found a bloodstained altar of Trog.
  9613 | D:7      | Noticed a cyclops
  9628 | D:7      | Killed a cyclops
  9629 | D:7      | Reached skill level 5 in Spellcasting
  9629 | D:7      | Reached skill level 9 in Air Magic
  9632 | D:6      | Noticed Maggie
  9889 | D:7      | Reached skill level 6 in Dodging
  9889 | D:7      | Reached skill level 10 in Air Magic
 10195 | D:7      | Reached skill level 4 in Fighting
 10195 | D:7      | Reached XP level 10. HP: 57/57 MP: 14/18
 10531 | D:8      | Reached skill level 5 in Fighting
 10537 | D:8      | Reached skill level 11 in Air Magic
 10542 | D:8      | Reached skill level 6 in Fighting
 10606 | D:8      | Reached skill level 7 in Fighting
 10774 | D:8      | Reached skill level 8 in Fighting
 10921 | D:8      | Reached skill level 9 in Fighting
 10985 | D:8      | Found a flagged portal.
 11039 | Bailey   | Entered a bailey
 11066 | Bailey   | Learned a level 3 spell: Swiftness
 11110 | Bailey   | Noticed an orc warlord
 11118 | Bailey   | Offered knowledge of Scorch by Vehumet.
 11421 | Bailey   | Found a runed translucent gate.
 11424 | Bailey   | Found a runed translucent gate.
 11426 | Bailey   | Found a runed translucent gate.
 11437 | Bailey   | Reached *** piety under Vehumet
 12041 | Bailey   | Killed an orc warlord
 12042 | Bailey   | Reached skill level 6 in Conjurations
 12106 | Bailey   | Identified the +4 broad axe of Xom's Inspiration {drain,
                  | Drain rF++ rC+}
 12127 | Bailey   | Acquired quinnr's Dissertation on Ozone
 12135 | Bailey   | Learned a level 5 spell: Arcjolt
 12451 | D:8      | Noticed a gargoyle
 12453 | D:8      | Killed a gargoyle
 12454 | D:8      | Reached skill level 6 in Poison Magic
 12454 | D:8      | Reached XP level 11. HP: 71/71 MP: 7/20
 12577 | D:8      | Reached skill level 12 in Air Magic
 12623 | D:8      | Reached skill level 6 in Spellcasting
 12734 | D:8      | Noticed a cyclops
 12742 | D:8      | Killed a cyclops
 13632 | D:9      | Identified the +3 falchion of Resourcefulness {antimagic,
                  | rElec Str-2 Dex+7}
 13796 | D:9      | Offered knowledge of Olgreb's Toxic Radiance by Vehumet.
 13884 | D:9      | Learned a level 4 spell: Olgreb's Toxic Radiance
 14851 | D:10     | Entered Level 10 of the Dungeon
 14970 | D:10     | Found a sacrificial altar of Ru.
 15076 | D:10     | Found a blossoming altar of Fedhas.
 15121 | D:10     | Noticed Nergalle
 15133 | D:10     | Killed Nergalle
 15134 | D:10     | Reached skill level 7 in Spellcasting
 15134 | D:10     | Reached skill level 13 in Air Magic
 15134 | D:10     | Reached skill level 4 in Evocations
 15394 | D:10     | Reached skill level 10 in Fighting
 15528 | D:10     | Found a staircase to the Lair.
 15552 | D:10     | Reached **** piety under Vehumet
 15732 | D:10     | Found a glowing silver altar of Zin.
 15981 | D:6      | Killed BlasphemerAmon's ghost
 16393 | D:3      | Bought a scroll of identify for 44 gold pieces
 16593 | Lair:1   | Entered Level 1 of the Lair of Beasts
 16599 | Lair:1   | Reached skill level 7 in Poison Magic
 16604 | Lair:1   | Reached skill level 5 in Evocations
 16818 | Lair:1   | Identified a potion of resistance
 16838 | Lair:1   | Reached skill level 11 in Fighting
 16839 | Lair:1   | Reached XP level 12. HP: 61/80 MP: 8/23
 16840 | Lair:1   | Offered knowledge of Fulminant Prism by Vehumet.
 17014 | Lair:1   | Noticed a catoblepas
 17025 | Lair:1   | Killed a catoblepas
 17026 | Lair:1   | Reached skill level 6 in Evocations
 17176 | Lair:1   | Noticed a death yak
 17177 | Lair:1   | Noticed a death yak
 17177 | Lair:1   | Noticed a death yak
 17405 | D:10     | Killed a death yak
 17406 | D:10     | Reached skill level 8 in Poison Magic
 17585 | D:10     | Killed a death yak
 17756 | Lair:1   | Killed a death yak
 17862 | Lair:1   | Reached skill level 7 in Evocations
 17980 | Lair:1   | Reached skill level 9 in Poison Magic
 18135 | Lair:1   | Learned a level 3 spell: Hailstorm
 18265 | Lair:1   | Reached skill level 1 in Ice Magic
 18684 | Lair:1   | Reached skill level 2 in Ice Magic
 18803 | Lair:1   | Reached skill level 7 in Conjurations
 19630 | Lair:2   | Reached skill level 3 in Ice Magic
 19955 | Lair:2   | Reached skill level 8 in Conjurations
 20038 | Lair:2   | Reached skill level 10 in Poison Magic
 20271 | Lair:2   | Reached ***** piety under Vehumet
 20271 | Lair:2   | Offered knowledge of Freezing Cloud by Vehumet.
 20272 | Lair:2   | Reached XP level 13. HP: 75/84 MP: 8/24
 20457 | Lair:2   | Reached skill level 8 in Spellcasting
 20807 | Lair:2   | Found a hole to the Spider Nest.
 21147 | Lair:2   | Identified a potion of experience
 21157 | Lair:2   | Reached skill level 10 in Spellcasting
 21157 | Lair:2   | Reached XP level 14. HP: 90/90 MP: 26/29
 21164 | Lair:2   | Learned a level 5 spell: Freezing Cloud
 21311 | Lair:3   | Reached skill level 11 in Spellcasting
 21910 | Lair:3   | Found a staircase to the Shoals.
 21978 | Lair:3   | Reached skill level 12 in Fighting
 22528 | Lair:4   | Reached skill level 13 in Fighting
 22571 | Lair:4   | Reached skill level 4 in Ice Magic
 23125 | Lair:4   | Found the +2 pair of slick slippers {slick, slippery, EV+4}
 23996 | Lair:5   | Entered Level 5 of the Lair of Beasts
 24006 | Lair:5   | Reached skill level 5 in Ice Magic
 24154 | Lair:5   | Reached skill level 8 in Evocations
 24328 | Lair:5   | Found the +8 demon trident "Rift" {distort, reach+}
 24444 | Lair:5   | Reached skill level 9 in Evocations
 25294 | Lair:5   | Reached skill level 10 in Evocations
 25733 | Lair:5   | Found a staircase to the Slime Pits.
 25839 | Lair:5   | Found a runed translucent door.
 25972 | Lair:5   | Reached XP level 15. HP: 98/98 MP: 19/31
 26265 | Lair:5   | Offered knowledge of Conjure Ball Lightning by Vehumet.
 26273 | Lair:5   | Learned a level 6 spell: Conjure Ball Lightning
 26428 | Lair:5   | Reached skill level 11 in Evocations
 27803 | Lair:5   | Reached skill level 9 in Conjurations
 29631 | Lair:5   | Found a staircase to the Slime Pits.
 29725 | Lair:5   | Reached skill level 10 in Conjurations
 30352 | D:11     | Reached skill level 11 in Poison Magic
 30516 | D:11     | Found a frozen archway.
 30642 | IceCv    | Entered an ice cave
 30845 | IceCv    | Offered knowledge of Fireball by Vehumet.
 33746 | D:11     | Reached skill level 7 in Dodging
 33973 | D:11     | Found a staircase to the Orcish Mines.
 34014 | D:11     | Noticed Fannar
 34019 | D:11     | Killed Fannar
 34752 | Orc:1    | Entered Level 1 of the Orcish Mines
 34753 | Orc:1    | Noticed Sonja
 34755 | Orc:1    | Killed Sonja
 34756 | Orc:1    | Reached skill level 8 in Dodging
 34989 | Orc:1    | Found Zicem's Self-Improvement Boutique.
 35048 | Orc:1    | Noticed Jorgrun
 35058 | Orc:1    | Killed Jorgrun
 35380 | Orc:2    | Entered Level 2 of the Orcish Mines
 35514 | Orc:2    | Reached ****** piety under Vehumet
 35622 | Orc:2    | Offered knowledge of Yara's Violent Unravelling by Vehumet.
 36169 | Orc:2    | Reached skill level 9 in Dodging
 36530 | Orc:2    | Noticed Urug
 36554 | Orc:2    | Killed Urug
 36796 | Orc:2    | Found a staircase to the Elven Halls.
 36831 | Orc:2    | Reached XP level 16. HP: 104/104 MP: 23/32
 36991 | Orc:1    | Noticed Erica
 37000 | Orc:2    | Killed Erica
 37466 | Orc:2    | Reached skill level 12 in Spellcasting
 37717 | Orc:2    | Reached skill level 10 in Dodging
 37881 | Orc:2    | Found Hemo's Jewellery Shop.
 37940 | Orc:2    | Found Epoepuet's Antique Weapon Shop.
 38188 | Orc:2    | Found Mimac's Antique Armour Shop.
 38203 | Orc:2    | Found Roluops's General Store.
 38210 | Orc:2    | Bought a wand of flame (2) for 22 gold pieces
 38258 | Orc:1    | Bought a manual of Dodging for 1280 gold pieces
 38538 | Orc:1    | Offered knowledge of Eringya's Noxious Bog by Vehumet.
 38875 | D:12     | Found Iverch's Antique Armour Shoppe.
 38967 | D:12     | Bought a pair of glowing gloves for 157 gold pieces
 39589 | D:12     | Identified the +8 arbalest "Zewnow" {drain, rC+ rN+ Int+3}
 39597 | D:12     | Identified the +7 dagger of Cutoew {freeze, rF+ Int-4
                  | Dex+3}
 39609 | D:12     | You are sucked into a shaft and drop 1 floor!
 39779 | D:13     | Reached skill level 11 in Dodging
 39925 | D:13     | Found a portal to a secret trove of treasure.
 41081 | D:14     | Reached skill level 1 in Shields
 41289 | D:14     | Reached skill level 12 in Dodging
 41297 | D:14     | Reached skill level 2 in Shields
 41843 | D:13     | Reached skill level 3 in Shields
 42435 | D:14     | Found an ornate altar of the Wu Jian Council.
 42567 | D:14     | Reached skill level 13 in Dodging
 42567 | D:14     | Reached skill level 13 in Spellcasting
 43125 | D:14     | Found a gate to the Vaults.
 43310 | D:14     | Learned a level 4 spell: Summon Lightning Spire
 43359 | D:15     | Entered Level 15 of the Dungeon
 43371 | D:15     | Reached skill level 4 in Shields
 44068 | D:15     | Offered knowledge of Orb of Destruction by Vehumet.
 44295 | D:15     | Reached skill level 11 in Conjurations
 44926 | D:15     | Found a staircase to the Depths.
 44969 | D:15     | Reached XP level 17. HP: 68/108 MP: 12/35
 45455 | Shoals:1 | Entered Level 1 of the Shoals
 45463 | Shoals:1 | Reached skill level 14 in Dodging
 45698 | Shoals:1 | Killed from afar by a merfolk aquamancer

Vanquished Creatures
  Jorgrun (Orc:1)
  2 orc warlords
  A dire elephant (D:15)
  Erica (Orc:2)
  Fannar (D:11)
  An ice dragon (IceCv)
  8 hydras
  A vault guard (D:14)
  2 boulder beetles
  An ogre mage (D:15)
  A merfolk aquamancer (Shoals:1)
  3 two-headed ogres
  6 centaur warriors
  6 death yaks
  5 catoblepae
  Urug (Orc:2)
  An orc high priest (Orc:2)
  Sonja (Orc:1)
  Nergalle (D:10)
  A fire crab (Lair:5)
  3 skysharks
  4 skeletal warriors
  A sea snake (Shoals:1)
  An orb spider (Lair:2)
  4 lindwurms (Lair:5)
  3 orc knights (Orc:2)
  5 deep elf zephyrmancers (Orc:2)
  4 deep elf pyromancers (Orc:2)
  27 ugly things
  5 cyclopes
  8 manticores
  3 orc sorcerers (Orc:2)
  A wolf spider (D:15)
  6 elephants (Lair:2)
  9 black mambas
  8 torpor snails
  A water nymph (Shoals:1)
  The ghost of BlasphemerAmon the Trooper, a novice DsRe (D:6)
  14 cane toads
  3 ice statues
  2 gargoyles
  9 rime drakes
  A kobold demonologist (D:10)
  13 komodo dragons
  A tengu conjurer (D:14)
  A merfolk (Shoals:1)
  12 trolls
  6 polar bears
  3 tyrant leeches (Lair:5)
  12 blink frogs
  7 hornets (Lair:5)
  7 dream sheep
  16 slime creatures
  Sigmund (D:6)
  57 yaks
  The ghost of Sleet the Sneak, an amateur SpEn (D:5)
  2 wraiths
  Eustachio (D:4)
  5 wyverns
  6 vampire mosquitoes
  4 basilisks
  A steam dragon (D:8)
  Edmund (D:4)
  5 wargs
  An acid dragon (D:10)
  22 water moccasins
  4 black bears
  35 orc warriors
  2 ice beasts (D:8)
  7 ogres
  2 wolves
  18 centaurs
  A phantom (D:6)
  4 kobold brigands
  11 bullfrogs
  2 scorpions
  3 wights (D:6)
  17 killer bees
  4 lindwurm simulacra (IceCv)
  6 howler monkeys
  5 electric eels
  15 orc priests
  4 jellies
  7 komodo dragon simulacra (IceCv)
  3 hounds
  4 gnoll boudas
  An iguana (D:7)
  A sleepcap (D:6)
  22 orc wizards
  17 gnolls
  6 acid dragon simulacra (IceCv)
  5 adders
  2 white imps
  4 steam dragon simulacra (IceCv)
  5 worms
  A dart slug (D:2)
  78 orcs
  7 endoplasms
  6 giant cockroaches
  10 goblins
  5 hobgoblins
  7 jackals
  3 quokkas
  5 ball pythons
  7 bats
  4 frilled lizards
  22 kobolds
  7 rats
  A butterfly (Lair:1)
733 creatures vanquished.

Vanquished Creatures (collateral kills)
  3 merfolk aquamancers
  A two-headed ogre (D:15)
  An ugly thing (D:14)
  A yaktaur (D:15)
  An ogre (Orc:2)
7 creatures vanquished.

Vanquished Creatures (others)
  A killer bee (D:9)
  20 ball lightnings
  32 fungi
  156 plants
209 creatures vanquished.

Grand Total: 949 creatures vanquished

Table legend: (Time is in decaauts)
 A = Elapsed time spent in this place.
 B = Non-inter-level travel time spent in this place.
 C = Inter-level travel time spent in this place.
 D = Time resting spent in this place.
 E = Time spent auto-exploring this place.
 F = Levels seen in this place.
 G = Mean time per level.
                   A        B        C        D        E       F      G
               +--------+--------+--------+--------+--------+-----+--------+
         Total |  44056 |  41958 |   2098 |   8741 |  26853 |  26 | 1694.5 |
       Dungeon |  23176 |  21732 |   1444 |   4030 |  14420 |  15 | 1545.1 |
        Temple |     21 |     12 |      9 |      0 |      1 |   1 |   21.0 |
          Lair |  12829 |  12432 |    397 |   1667 |   9062 |   5 | 2565.8 |
        Shoals |     26 |     26 |      0 |      0 |      0 |   1 |   26.0 |
  Orcish Mines |   3897 |   3651 |    246 |    758 |   2400 |   2 | 1948.5 |
        Bailey |   1074 |   1074 |      0 |    635 |    207 |   1 | 1074.0 |
      Ice Cave |   3029 |   3029 |      0 |   1649 |    760 |   1 | 3029.0 |
               +--------+--------+--------+--------+--------+-----+--------+

Top non-repeatable levels by time:
  Lair:5: 4968 daAuts
   IceCv: 3029 daAuts
     D:5: 2839 daAuts
    D:14: 2572 daAuts
  Lair:1: 2415 daAuts
   Orc:2: 2385 daAuts
  Lair:4: 2364 daAuts
     D:8: 2062 daAuts
     D:6: 1754 daAuts
    D:11: 1732 daAuts
    D:13: 1662 daAuts
  Lair:2: 1586 daAuts
   Orc:1: 1511 daAuts
  Lair:3: 1495 daAuts
    D:10: 1433 daAuts

Table legend:
 A = Non-vault XP
 B = Vault XP
 C = Vault XP percentage of total XP
 D = Non-vault monster count
 E = Vault monster count
 F = Vault count percentage of total count
                 A         B        C        D         E       F
            +---------+---------+-------+---------+---------+-------
      Total |  105598 |   59056 |  35.9 |     531 |     209 |  28.2
            +---------+---------+-------+---------+---------+-------
        D:1 |      35 |       2 |   5.4 |      23 |       1 |   4.2
        D:2 |      59 |       0 |   0.0 |      24 |       0 |   0.0
        D:3 |     237 |       0 |   0.0 |      22 |       0 |   0.0
        D:4 |     227 |     359 |  61.3 |       5 |       3 |  37.5
        D:5 |     744 |     202 |  21.4 |      28 |       1 |   3.4
        D:6 |    1245 |     647 |  34.2 |      37 |       2 |   5.1
        D:7 |     439 |    1139 |  72.2 |       7 |       6 |  46.2
        D:8 |    1320 |    3010 |  69.5 |       9 |      24 |  72.7
        D:9 |    2660 |       0 |   0.0 |      27 |       0 |   0.0
       D:10 |    3048 |    1128 |  27.0 |      11 |       2 |  15.4
       D:11 |    5906 |    2029 |  25.6 |      30 |       9 |  23.1
       D:12 |    4124 |     403 |   8.9 |      10 |       1 |   9.1
       D:13 |    4701 |       0 |   0.0 |       9 |       0 |   0.0
       D:14 |   20650 |    2456 |  10.6 |      45 |       5 |  10.0
       D:15 |   10534 |    2231 |  17.5 |      21 |       4 |  16.0
     Lair:1 |    9573 |     837 |   8.0 |      35 |       2 |   5.4
     Lair:2 |    7900 |     713 |   8.3 |      26 |       1 |   3.7
     Lair:3 |    6708 |     835 |  11.1 |      29 |       1 |   3.3
     Lair:4 |    3882 |     854 |  18.0 |      16 |       3 |  15.8
     Lair:5 |   12874 |   17308 |  57.3 |      32 |      44 |  57.9
   Shoals:1 |    3262 |    2477 |  43.2 |       6 |       3 |  33.3
      Orc:1 |    2805 |    2671 |  48.8 |      41 |       2 |   4.7
      Orc:2 |    2665 |   14393 |  84.4 |      38 |      48 |  55.8
     Bailey |       0 |    1566 | 100.0 |       0 |      19 | 100.0
      IceCv |       0 |    3796 | 100.0 |       0 |      28 | 100.0
            +---------+---------+-------+---------+---------+-------
